 Dungeon Crawl Stone Soup version 0.21.0-3-g78d12a8 (webtiles) character file.

26710 ringo67 the Severer (level 13, -5/127 HPs)
             Began as a Hill Orc Fighter on Jan 9, 2018.
             Was an Elder of Makhleb.
             Slain by a wolf spider simulacrum (18 damage)
             ... on level 4 of the Lair of Beasts on Jan 10, 2018.
             The game lasted 01:12:21 (20029 turns).

ringo67 the Severer (Hill Orc Fighter)             Turns: 20029, Time: 01:12:23

Health: -5/127     AC: 27    Str: 21    XL:     13   Next: 27%
Magic:  15/15      EV:  7    Int: 11    God:    Makhleb [****..]
Gold:   904        SH:  5    Dex: 10    Spells: 12/12 levels left

rFire    . . .     SeeInvis .   S - +1 battleaxe
rCold    . . .     Gourm    .   (shield currently unavailable)
rNeg     . . .     Faith    .   L - +0 plate armour
rPois    .         Spirit   .   k - +0 helmet
rElec    .         Reflect  +   t - +0 cloak
rCorr    .         Harm     .   j - +1 pair of gloves
MR       +....                  E - +1 pair of boots
Stlth    ..........             h - +5 amulet of reflection
HPRegen  0.31/turn              Q - ring of protection from magic
MPRegen  0.14/turn              o - +3 ring of protection

@: studying Ice Magic
A: no striking features
a: Minor Destruction, Lesser Servant of Makhleb, Major Destruction, Renounce
Religion


You were on level 4 of the Lair of Beasts.
You worshipped Makhleb.
Makhleb was greatly pleased with you.
You were not hungry.

You visited 3 branches of the dungeon, and saw 16 of its levels.
You also visited: Sewer, Ice Cave and Volcano.

You collected 904 gold pieces.

Inventory:

Hand Weapons
 a - a +0 war axe
 S - a +1 battleaxe (weapon)
Missiles
 B - 7 silver tomahawks
 C - 4 tomahawks (quivered)
 I - 61 bolts
Armour
 j - a +1 pair of gloves (worn)
 k - a +0 helmet (worn)
 t - a +0 cloak (worn)
 E - a +1 pair of boots (worn)
 L - a +0 plate armour (worn)
 X - a +2 chain mail of cold resistance
Jewellery
 h - a +5 amulet of reflection (around neck)
 i - an uncursed ring of poison resistance
 o - a +3 ring of protection (right hand)
 Q - a ring of protection from magic (left hand)
 T - an uncursed ring of protection from cold
Wands
 s - a wand of flame (20)
 D - a wand of polymorph (7)
 M - a wand of acid (8)
 N - a wand of paralysis (35)
 U - a wand of scattershot (4)
 Y - a wand of iceblast (29)
Scrolls
 e - 3 scrolls of teleportation
 g - 3 scrolls of amnesia
 p - 6 scrolls of magic mapping
 q - 6 scrolls of identify
 x - a scroll of fog
 y - a scroll of enchant armour
 z - 2 scrolls of immolation
 A - a scroll of blinking
 F - 4 scrolls of remove curse
 J - 2 scrolls of fear
 O - a scroll of holy word
Potions
 b - a potion of cancellation
 d - 6 potions of might
 m - a potion of haste {unknown}
 n - a potion of magic {unknown}
 r - 9 potions of curing
 u - 3 potions of agility
 v - 3 potions of flight
 w - 4 potions of heal wounds
 K - 4 potions of brilliance {unknown}
 P - a potion of lignification {unknown}
 R - a potion of degeneration {unknown}
 V - a potion of mutation {unknown}
 W - a potion of berserk rage {unknown}
 Z - 2 potions of resistance
Books
 c - a manual of Ice Magic
 G - a manual of Ice Magic
Miscellaneous
 H - a phial of floods
Comestibles
 f - 28 rations
 l - 7 chunks of flesh


   Skills:
 + Level 15.4 Fighting
 + Level 16.3 Axes
 + Level 12.7 Armour
   Level 3.2 Shields
 + Level 2.9 Evocations


You had 12 spell levels left.
You didn't know any spells.

Dungeon Overview and Level Annotations

Branches:
Dungeon (11/15)            Temple (1/1) D:7            Lair (4/6) D:10
 Shoals (0/4) Lair:3       Spider (0/4) Lair:3
    Orc: D:9-12

Altars:
Ashenzari
Cheibriados
Dithmenos
Elyvilon
Fedhas
Gozag
Hepliaklqana
Kikubaaqudgha
Makhleb
Nemelex Xobeh
Okawaru
Qazlal
Ru
Sif Muna
Trog
Uskayaw
Vehumet
Wu Jian
Xom
Yredelemnul
Zin
The Shining One

Shops:
D:5 (*

Annotations:
D:7 Aphrodieselac's ghost, novice HOFi
Lair:2 exclusion: oklob plant
Lair:4 1 transporter


Message History

The spiny frog simulacrum vapourises!
Makhleb accepts your kill.
You feel better. The wolf spider simulacrum hits you!
The wolf spider simulacrum freezes you!!
The wolf spider simulacrum bites you but does no damage.
You slash the wolf spider simulacrum!
The wolf spider simulacrum is almost destroyed.
The wolf spider simulacrum hits you but does no damage.
The wolf spider simulacrum bites you but does no damage.
You hit the wolf spider simulacrum.
The wolf spider simulacrum is almost destroyed.
The wolf spider simulacrum hits you! The wolf spider simulacrum freezes you!
You block the wolf spider simulacrum's attack.
The wolf spider simulacrum hits you.
The wolf spider simulacrum freezes you!!
* * * LOW HITPOINT WARNING * * *
The wolf spider simulacrum bites you.
* * * LOW HITPOINT WARNING * * *
The wolf spider simulacrum freezes you!!
You die...

.## #...###############.P##....#
.## #......#§§§[©$§§§#.........##
..###.....[#§§§?[[§§§#..........#
.###.......#§§§§§§§.§#.........>.
..###...####§§§§§§§§.####.##.....
..###...# *§§§§§§§§,* ####...(.
.###....#######§§§###* #.....#
..###...#.#.#§§.Z.§§# #....## .##
#.....#.#§§#@#§§# ##....# .#
#...###.#§§...§§# #.....#
.####...# #.#§§#©#§§# ##....#
..##....###.#§§§§§§§# #....P#
..##....##..#§§§§§§§# ###.....
..##......#.########## #......#
..##......#.....©....#* ###...##
.##.#....##...........# #...#
.###.....#....P#....########...##


You could see a wolf spider simulacrum.

Vanquished Creatures
  Gastronok (Lair:1)
  2 two-headed ogres (D:9)
  2 manticores (D:11)
  A necromancer (IceCv)
  A merfolk siren (Lair:3)
  Joseph (D:10)
  Psyche (D:9)
  A black mamba (D:10)
  An ice statue (IceCv)
  7 spiny frogs
  2 rime drakes (Lair:2)
  An efreet (D:8)
  10 freezing wraiths (IceCv)
  An anaconda simulacrum (Lair:4)
  A komodo dragon (Lair:2)
  The ghost of Lightli the Chopper, an amateur HOBe of Trog (D:3)
  A troll (D:10)
  7 blink frogs
  2 polar bears (Lair:4)
  3 hippogriffs
  A basilisk (Lair:1)
  27 yaks
  A wyvern (D:10)
  A death yak simulacrum (IceCv)
  A human (D:8)
  2 hungry ghosts
  Menkaure (D:4)
  An acid dragon (D:6)
  3 water moccasins
  3 black bears
  7 porcupines
  A sky beast (D:9)
  7 ice beasts
  2 orc warriors
  5 ogres
  5 wolves (Lair:2)
  A phantom (D:6)
  6 centaurs
  8 crocodiles
  The ghost of arlegoon the Firebug, an amateur OpFE (D:4)
  3 big kobolds
  Blork the orc (D:4)
  5 bullfrogs
  2 spiny frog simulacra (Lair:4)
  4 scorpions
  A swamp dragon simulacrum (IceCv)
  An elephant simulacrum (IceCv)
  3 wights (D:10)
  3 howler monkeys (D:10)
  4 crimson imps
  2 jellies
  A quasit (D:9)
  A centaur zombie (D:9)
  3 draconian simulacra (IceCv)
  A gnoll shaman (D:9)
  6 hounds
  4 orc priests
  A water moccasin simulacrum (Lair:4)
  3 orc wizards
  Jessica (D:2)
  2 bullfrog skeletons (D:9)
  4 centaur skeletons
  3 iguanas
  Ijyb (D:5)
  Natasha (thrice) (D:2)
  4 worker ants
  6 troll simulacra (IceCv)
  2 spriggan simulacra (IceCv)
  A wolf simulacrum (IceCv)
  A killer bee zombie (D:6)
  A bullfrog simulacrum (Lair:4)
  3 centaur simulacra (IceCv)
  A hound skeleton (D:10)
  A howler monkey zombie (D:6)
  14 gnolls
  6 naga simulacra (IceCv)
  10 adders
  12 white imps (IceCv)
  5 oozes
  An adder zombie (D:10)
  3 adder skeletons
  5 worms
  3 dart slugs
  6 leopard geckos
  26 orcs
  2 ball pythons
  7 bats
  6 giant cockroaches
  4 goblins
  10 hobgoblins
  18 jackals
  3 quokkas
  8 frilled lizards
  19 kobolds
  A quokka zombie (D:6)
  8 rats
  A fungus (Lair:4)
  3 plants
395 creatures vanquished.

Vanquished Creatures (others)
  Sonja (Lair:4)
  A fungus (Lair:4)
2 creatures vanquished.

Grand Total: 397 creatures vanquished

Notes
Turn   | Place    | Note
-------+----------+-------------------------------------------
     0 | D:1      | ringo67 the Hill Orc Fighter began the quest for the Orb.
     0 | D:1      | Reached XP level 1. HP: 19/19 MP: 1/1
    11 | D:1      | Reached skill level 3 in Axes
    14 | D:1      | Reached XP level 2. HP: 14/27 MP: 2/2
   386 | D:1      | Reached XP level 3. HP: 34/34 MP: 3/3
   589 | D:1      | Reached skill level 4 in Axes
   830 | D:2      | Noticed Jessica
   836 | D:2      | Killed Jessica
   836 | D:2      | Reached XP level 4. HP: 26/41 MP: 4/4
   972 | D:2      | Reached skill level 5 in Fighting
  1196 | D:2      | Found a shattered altar of Ashenzari.
  1262 | D:2      | Noticed Natasha
  1536 | D:2      | Killed Natasha
  1536 | D:2      | Reached skill level 5 in Axes
  1540 | D:2      | Reached XP level 5. HP: 42/48 MP: 5/5
  1578 | D:2      | Noticed Natasha
  1589 | D:2      | Killed Natasha
  1814 | D:2      | Noticed Natasha
  1823 | D:2      | Killed Natasha
  1992 | D:3      | Found a glowing drain.
  1999 | D:3      | Noticed Lightli's ghost (amateur HOBe)
  2006 | Sewer    | Entered a sewer
  2025 | Sewer    | Noticed a big kobold
  2025 | Sewer    | Noticed a big kobold
  2037 | Sewer    | Killed a big kobold
  2037 | Sewer    | Reached skill level 6 in Axes
  2037 | Sewer    | Reached XP level 6. HP: 52/57 MP: 6/6
  2801 | D:3      | Reached skill level 7 in Axes
  2822 | D:3      | Reached XP level 7. HP: 52/64 MP: 7/7
  3323 | D:4      | Noticed arlegoon's ghost (amateur OpFE)
  3337 | D:4      | Killed arlegoon's ghost
  3485 | D:4      | Found a basalt altar of Yredelemnul.
  3502 | D:4      | Noticed Blork the orc
  3525 | D:4      | Killed Blork the orc
  3525 | D:4      | Reached skill level 8 in Axes
  3749 | D:4      | Noticed Menkaure
  4034 | D:3      | Killed Lightli's ghost
  4034 | D:3      | Reached XP level 8. HP: 59/75 MP: 8/8
  4244 | D:4      | Killed Menkaure
  4244 | D:4      | Reached skill level 9 in Axes
  4768 | D:5      | Entered Level 5 of the Dungeon
  4768 | D:5      | Found Kiukho Weena's Weapon Emporium.
  4768 | D:5      | Found Zin's Purification Station.
  4778 | D:5      | Found a glowing silver altar of Zin.
  5121 | D:5      | Noticed Ijyb
  5136 | D:5      | Killed Ijyb
  6311 | D:6      | Reached skill level 10 in Axes
  6407 | D:6      | Reached XP level 9. HP: 84/85 MP: 9/9
  6445 | D:6      | Reached skill level 5 in Armour
  6589 | D:6      | Reached skill level 10 in Fighting
  7098 | D:7      | Found a staircase to the Ecumenical Temple.
  7115 | Temple   | Entered the Ecumenical Temple
  7288 | D:7      | Noticed Aphrodieselac's ghost (novice HOFi)
  8159 | D:8      | Found an ornate altar of the Wu Jian Council.
  8174 | D:8      | Noticed an efreet
  8200 | D:8      | Reached skill level 11 in Axes
  8636 | D:8      | Found a sacrificial altar of Ru.
  8748 | D:9      | Noticed Psyche
  8762 | D:9      | Killed Psyche
  8762 | D:9      | Reached XP level 10. HP: 82/95 MP: 10/10
  9142 | D:9      | Noticed a two-headed ogre
  9177 | D:9      | Noticed a two-headed ogre
  9232 | D:8      | Reached skill level 12 in Axes
  9634 | D:8      | Found a bloodstained altar of Trog.
  9834 | D:7      | Found a burning altar of Makhleb.
  9844 | D:7      | Became a worshipper of Makhleb the Destroyer
 10223 | D:9      | Killed a two-headed ogre
 10476 | D:9      | Killed a two-headed ogre
 10584 | D:10     | Entered Level 10 of the Dungeon
 10606 | D:10     | Noticed Joseph
 10627 | D:10     | Killed Joseph
 10711 | D:10     | Reached skill level 13 in Axes
 10963 | D:10     | Reached XP level 11. HP: 96/105 MP: 11/11
 11140 | D:10     | Reached * piety under Makhleb
 11272 | D:10     | Found a staircase to the Lair.
 12095 | Lair:1   | Entered Level 1 of the Lair of Beasts
 12613 | Lair:1   | Noticed a six-headed hydra
 12713 | D:11     | Noticed a manticore
 12720 | D:11     | Killed a manticore
 12729 | D:11     | Reached skill level 10 in Armour
 12816 | D:11     | Noticed a manticore
 12834 | D:11     | Killed a manticore
 13172 | D:11     | Noticed an eight-headed hydra
 13702 | Lair:1   | Reached skill level 14 in Axes
 14026 | Lair:1   | Noticed Gastronok
 14036 | Lair:1   | Killed Gastronok
 14443 | Lair:1   | Reached XP level 12. HP: 59/116 MP: 12/12
 15331 | Lair:2   | Reached ** piety under Makhleb
 15568 | Lair:2   | Found a frozen archway.
 15578 | Lair:2   | Reached skill level 15 in Axes
 15603 | IceCv    | Entered an ice cave
 16803 | IceCv    | Found an ancient bone altar of Kikubaaqudgha.
 16834 | IceCv    | Reached *** piety under Makhleb
 18129 | Lair:3   | Found a hole to the Spider Nest.
 18589 | Lair:3   | Reached skill level 15 in Fighting
 18662 | Lair:3   | Found a staircase to the Shoals.
 18882 | Lair:3   | Reached skill level 16 in Axes
 18882 | Lair:3   | Reached XP level 13. HP: 117/126 MP: 13/13
 19011 | Lair:4   | Reached skill level 1 in Evocations
 19330 | Lair:4   | Noticed Sonja
 19341 | Lair:4   | Killed Sonja
 19541 | Lair:4   | Found a dark tunnel.
 19550 | Volcano  | Entered a volcano
 19820 | Lair:4   | Reached **** piety under Makhleb
 19940 | Lair:4   | Found a transporter.
 20019 | Lair:4   | Found a transporter.
 20029 | Lair:4   | Slain by a wolf spider simulacrum

Skill      XL: |  1  2  3  4  5  6  7  8  9 10 11 12 13 |
---------------+----------------------------------------+-----
Axes           | 3 4 5 6 7 8 10 11 13 14 16 | 16.3
Fighting       | 4 5 6 8 9 11 12 13 15 | 15.4
Armour         | 4 7 9 10 12 | 12.7
Evocations     | 2 |  2.9
Shields        | |  3.2

Action                   |  1- 3 |  4- 6 |  7- 9 | 10-12 | 13-15 || total
-------------------------+-------+-------+-------+-------+-------++-------
Melee: War axe           |    69 |   174 |   411 |   132 |       ||   786
       Battleaxe         |       |       |       |   700 |   105 ||   805
Throw: Tomahawk          |       |       |    11 |    18 |       ||    29
Evoke: Wand              |       |       |       |     2 |       ||     2
  Use: Scroll            |       |       |     7 |    24 |     2 ||    33
       Potion            |       |       |       |     2 |       ||     2
  Eat: Chunk             |       |     7 |    15 |    16 |     4 ||    42
       Ration            |       |       |     3 |     5 |       ||     8
Armor: Scale mail        |    32 |   127 |   131 |       |       ||   290
       Plate armour      |       |       |    34 |   386 |    86 ||   506
       Chain mail        |       |       |       |   214 |       ||   214
Dodge: Dodged            |    22 |    65 |    78 |   235 |    33 ||   433
Block: Shield            |    26 |   113 |   223 |    81 |       ||   443
       Reflection        |       |       |     6 |     2 |     2 ||    10
       Other             |       |       |       |   157 |    21 ||   178
